 Dungeon Crawl Stone Soup version 0.30-a0-394-g3e4acdb0ae (webtiles) character file.

Game seed: 592754258462892550

4337 zishaf the Covert (level 10, 0/75 HPs)
             Began as a Vampire Enchanter on Dec 6, 2022.
             Was an Elder of Wu Jian.
             Slain by a black bear (5 damage)
             ... on level 9 of the Dungeon.
             The game lasted 00:16:03 (7899 turns).

zishaf the Covert (Vampire Enchanter)               Turns: 7899, Time: 00:16:03

Health: 0/75       AC:  7    Str:  7    XL:     10   Next: 12%
Magic:  11/17      EV: 12    Int: 22    God:    Wu Jian [****..]
Gold:   386        SH:  4    Dex: 15    Spells: 10/19 levels left

rFire   . . .      SeeInvis +    a - +2 dagger (venom)
rCold   + . .      Faith    .    J - +0 buckler
rNeg    . . .      Spirit   .    b - +0 robe
rPois   .          Reflect  .    k - +2 helmet
rElec   .          Harm     .    (no cloak)
rCorr   .          Rampage  .    h - +0 pair of gloves
Will    ++...                    m - +0 pair of boots
Stlth   +++++.....               n - amulet of regeneration
HPRegen 1.32/turn                d - ring of willpower
MPRegen 0.15/turn                q - ring of protection from cold

@: healing quickly
A: alive, fangs 3, see invisible, vampiric 2
a: Exsanguinate, Renounce Religion, Wall Jump, Serpent's Lash


You were on level 9 of the Dungeon.
You worshipped Wu Jian.
Wu Jian was greatly pleased with you.
You visited 1 branch of the dungeon, and saw 9 of its levels.

You collected 386 gold pieces.

Inventory:

Hand Weapons
 a - a +2 dagger of venom (weapon)
 i - the +8 war axe of Fortitude {vorpal, Dex+3}
   (You found it on level 3 of the Dungeon)

   It inflicts extra damage upon your enemies.
   Dex:       It affects your dexterity (+3).
 K - a +4 dagger
Missiles
 E - 3 throwing nets (quivered)
Armour
 b - a +0 robe (worn)
 h - a +0 pair of gloves (worn)
 k - a +2 helmet (worn)
 m - a +0 pair of boots (worn)
 t - an orb of energy
 u - a +1 ring mail of willpower
 J - a +0 buckler (worn)
Jewellery
 d - a ring of willpower (left hand)
 n - an amulet of regeneration (around neck)
 q - a ring of protection from cold (right hand)
 s - a ring of resist corrosion
 z - a +6 ring of strength
Wands
 w - a wand of polymorph (8)
 A - a wand of paralysis (9)
Scrolls
 o - 4 scrolls of teleportation
 y - a scroll of enchant weapon
 C - 3 scrolls of fear
 D - a scroll of amnesia
 F - 4 scrolls of identify
 H - a scroll of enchant armour
 I - 2 scrolls of butterflies
 L - a scroll of immolation {unknown}
Potions
 c - a potion of invisibility
 e - a potion of cancellation
 f - a potion of mutation
 g - 4 potions of might
 j - a potion of heal wounds
 l - a potion of attraction
 p - 3 potions of haste
 r - 2 potions of lignification
 v - a potion of ambrosia
 x - a potion of brilliance
 B - a potion of magic
 G - a potion of resistance


   Skills:
 + Level 5.6 Fighting
 - Level 6.0 Short Blades
 - Level 2.1 Dodging
 + Level 10.7 Stealth
 + Level 1.5 Shields
 - Level 5.0 Spellcasting
 + Level 10.0 Hexes
 + Level 6.2 Necromancy
 - Level 2.0 Ice Magic


You had 10 spell levels left.
You knew the following spells:

 Your Spells              Type           Power      Damage    Failure   Level
a - Ensorcelled Hibernat  Hex/Ice        62%        N/A       1%          2
b - Dispel Undead         Necr           32%        3d14      11%         4
A - Confusing Touch       Hex            49%        N/A       1%          3

Your spell library contained the following spells:

 Spells                   Type           Power      Damage    Failure   Level
 Sublimation of Blood     Necr           32%        N/A       1%          2
 Tukima's Dance           Hex            49%        N/A       1%          3
 Kiss of Death            Conj/Necr      76%        2d11      3%          1
 Dazzling Flash           Conj/Hex       54%        N/A       4%          3
 Portal Projectile        Hex/Tloc       54%        N/A       4%          3
 Cigotuvi's Dreadful Rot  Necr/Pois/Air  28%        N/A       9%          2
 Sting                    Tmut/Pois      20%        1d4       13%         1
 Poisonous Vapours        Pois/Air       10%        N/A       21%         2
 Olgreb's Toxic Radiance  Pois           5%         N/A       78%         4
 Petrify                  Tmut/Erth      5%         N/A       78%         4
 Death Channel            Necr           16%        N/A       85%         6
 Blade Hands              Tmut           2%         N/A       98%         5
 Irradiate                Conj/Tmut      2%         3d12      98%         5


Dungeon Overview and Level Annotations

Branches:
Dungeon (9/15)             Temple (0/1) D:4
   Lair: D:8-11         Orc: D:9-12

Altars:
Dithmenos
Trog
Uskayaw
Vehumet
Wu Jian

Shops:
D:2 *

Annotations:
D:9 wilsonr's ghost, novice TrBe


Innate Abilities, Weirdness & Mutations

Your natural rate of healing is accelerated.
You have razor-sharp teeth.
You have supernaturally acute eyesight. (SInv)
You are afflicted with vampirism and can become a bat while bloodless.


Message History

The black bear claws you.
The black bear attacks as you move away!
You block the black bear's attack. x2
The black bear claws you but does no damage.
The black bear attacks as you move away!
The black bear barely misses you. The black bear closely misses you.
The black bear claws you.
You hear the faint creaking of a distant portcullis.
The black bear bites you.
The black bear claws you but does no damage.
You block the black bear's attack.
The black bear attacks as you move away!
The black bear bites you. The black bear claws you. x2
The black bear attacks as you move away!
The black bear bites you! The black bear closely misses you.
The black bear claws you but does no damage.
Found an escape hatch in the ceiling.
The black bear barely misses you. The black bear closely misses you. x2
You kill the black bear!
The Council accepts your kill. The black bear barely misses you.
The black bear claws you. x2
You hit the black bear.
The black bear looks as sick as possible!
The black bear is almost dead.
The black bear bites you!
* * * LOW HITPOINT WARNING * * *
The black bear misses you. The black bear claws you.
* * * LOW HITPOINT WARNING * * *
You hit the black bear.
The black bear is almost dead.
The black bear bites you!
* * * LOW HITPOINT WARNING * * *
The black bear barely misses you. The black bear claws you.
* * * LOW HITPOINT WARNING * * *
The black bear attacks as you move away!
You block the black bear's attack. The black bear completely misses you.
The black bear misses you.
The black bear attacks as you move away!
You block the black bear's attack. The black bear claws you.
You die...

#####.....#
#...#...'.....#
#...#...#......P
#...#.).#.......
#########...#........PP.
............#....P..PP.P
..<.........#......P...P
............#....PPP..PP
.......@h...##....PPP...
.................P.....
......................P
.......).......P.......
.......#####...........
....... #.##.P.P....
....... #.#......P..
.#####. #.#.....P.P. #.+
...#...


You could see a black bear (berserk, extremely poisoned).

Vanquished Creatures
  A hornet (D:7)
  2 wyverns
  A vampire (D:9)
  2 vampire mosquitoes (D:7)
  2 water moccasins
  An acid dragon (D:9)
  An orc warrior (D:4)
  An ice beast (D:7)
  A sky beast (D:7)
  3 black bears
  3 ogres
  2 centaurs (D:5)
  A kobold brigand (D:4)
  4 bullfrogs
  A gnoll sergeant (D:8)
  A necrophage (D:6)
  A scorpion (D:7)
  14 wights
  5 killer bees (D:8)
  3 howler monkeys
  3 hounds (D:5)
  2 jellies (D:4)
  2 orc priests (D:5)
  2 iguanas
  4 orc wizards
  Robin (D:2)
  8 gnolls
  7 adders
  A shadow imp (D:6)
  2 white imps
  An ufetubus (D:5)
  2 worms (D:2)
  2 dart slugs
  10 orcs
  4 endoplasms
  6 giant cockroaches
  17 goblins
  9 hobgoblins
  7 jackals
  9 kobolds
  4 quokkas
  6 ball pythons
  2 bats (D:2)
  7 frilled lizards
  6 rats
174 creatures vanquished.

Vanquished Creatures (others)
  26 fungi (D:9)
  35 plants
61 creatures vanquished.

Grand Total: 235 creatures vanquished

Notes
Turn   | Place    | Note
-------+----------+-------------------------------------------
     0 | D:1      | zishaf the Vampire Enchanter began the quest for the Orb.
     0 | D:1      | Reached XP level 1. HP: 13/13 MP: 3/3
   183 | D:1      | Reached XP level 2. HP: 20/20 MP: 5/5
   199 | D:1      | Learned a level 2 spell: Ensorcelled Hibernation
   577 | D:1      | Reached skill level 1 in Fighting
   589 | D:1      | Gained mutation: You are afflicted with vampirism and can
                  | become a bat while bloodless. [Vampire growth]
   589 | D:1      | Reached XP level 3. HP: 26/26 MP: 6/6
   757 | D:1      | Reached skill level 5 in Stealth
   759 | D:1      | Found a faded altar of an unknown god.
   762 | D:1      | Prayed at the altar of an unknown god.
   762 | D:1      | Became a worshipper of the Wu Jian Council
   762 | D:1      | Reached * piety under Wu Jian
   898 | D:2      | Learned a level 3 spell: Confusing Touch
  1125 | D:2      | Noticed Robin
  1139 | D:2      | Reached skill level 5 in Hexes
  1151 | D:2      | Killed Robin
  1202 | D:2      | Found Qerixtei's General Store.
  1250 | D:2      | Reached XP level 4. HP: 32/32 MP: 7/7
  1488 | D:2      | You fall into a shaft and drop 1 floor!
  1543 | D:2      | Reached skill level 1 in Ice Magic
  1806 | D:3      | Reached ** piety under Wu Jian
  2000 | D:3      | Found a radiant altar of Vehumet.
  2235 | D:3      | Identified the +8 war axe of Fortitude {vorpal, Dex+3}
  2305 | D:3      | Reached XP level 5. HP: 37/37 MP: 5/8
  3038 | D:3      | Learned a level 4 spell: Dispel Undead
  3085 | D:4      | Found a staircase to the Ecumenical Temple.
  3218 | D:4      | Noticed an orc warrior
  3447 | D:4      | Killed an orc warrior
  3448 | D:4      | Reached skill level 1 in Necromancy
  3448 | D:4      | Reached XP level 6. HP: 44/44 MP: 7/10
  3802 | D:4      | Noticed a +0 hand axe
  3803 | D:4      | Noticed a +0 hand axe
  3806 | D:4      | Found a hide-covered altar of Uskayaw.
  3893 | D:4      | Found a shadowy altar of Dithmenos.
  4004 | D:5      | Entered Level 5 of the Dungeon
  4056 | D:5      | Reached XP level 7. HP: 18/51 MP: 4/11
  4248 | D:5      | Noticed a wyvern
  4253 | D:5      | Reached *** piety under Wu Jian
  4262 | D:5      | Killed a wyvern
  4509 | D:5      | Reached XP level 8. HP: 49/58 MP: 10/13
  5074 | D:6      | Found a bloodstained altar of Trog.
  5125 | D:6      | Found an ornate altar of the Wu Jian Council.
  5484 | D:6      | Reached skill level 5 in Short Blades
  6122 | D:6      | Reached XP level 9. HP: 46/58 MP: 10/15
  6603 | D:7      | Reached skill level 5 in Spellcasting
  6656 | D:7      | Reached skill level 5 in Necromancy
  6841 | D:8      | Reached skill level 5 in Fighting
  6989 | D:8      | Reached skill level 10 in Stealth
  7097 | D:8      | Reached **** piety under Wu Jian
  7805 | D:9      | Reached skill level 1 in Shields
  7805 | D:9      | Reached XP level 10. HP: 58/74 MP: 4/17
  7838 | D:9      | Noticed a moth of wrath
  7839 | D:9      | Noticed wilsonr's ghost (novice TrBe)
  7861 | D:9      | Reached skill level 10 in Hexes
  7899 | D:9      | Slain by a black bear

Illustrated notes

Levels and vault maps discovered:
D:1:      dpeg_arrival_stonehenge_8_columns, layout_basic,
          hellmonk_ecumenical_altar_inner_sanctum, minmay_distorted
D:2:      layout_loops_ring, serial_shops, nicolae_shop_window_shopping,
          minmay_tetromino_t2, uniq_robin
D:3:      layout_basic, mainiacjoe_overflow_small_starburst,
          grunt_ministairs_15, chequers_big_river,
          wander_ebering_terrifying_dragon_lair
D:4:      layout_cave_pods, chequers_temple_overflow_statue_of_worship,
          dancing_weapons_uskayaw, minmay_temple_entry_hall,
          minmay_misc_feat_enclosed, serial_bayou_pond_d
D:5:      layout_basic, hangedman_decor_peaks_small
D:6:      layout_loops_cross, nzn_wu_jian_contemplation, lemuel_doored_altar,
          amcnicky_mini_pool_small, hangedman_decor_growths
D:7:      layout_basic
D:8:      layout_cave_pods
D:9:      layout_irregular_city, kennysheep_little_box,
          mainiacjoe_overflow_alcove_4, due_lair_maze_entry_diamond,
          lightli_bailey_entry_fortress, gammafunk_ghost_berserking_beasts,
          minivault_7

Skill      XL: |  1  2  3  4  5  6  7  8  9 10 |
---------------+-------------------------------+-----
Fighting       | 1 2 3 4 5 |  5.6
Stealth        | 5 6 7 8 10 | 10.7
Hexes          | 5 6 7 8 9 10 | 10.0
Short Blades   | 2 3 4 5 6 |  6.0
Ice Magic      | 1 2 |  2.0
Necromancy     | 1 3 4 6 |  6.2
Spellcasting   | 3 4 5 |  5.0
Shields        | 1 |  1.5
Dodging        | |  2.1

Action                   |  1- 3 |  4- 6 |  7- 9 | 10-12 || total
-------------------------+-------+-------+-------+-------++-------
Melee: Dagger            |   117 |   197 |   277 |    39 ||   630
       Bite              |    11 |    18 |    34 |    10 ||    73
       Punch             |     1 |     1 |     4 |       ||     6
 Cast: Ensorcelled Hiber |     3 |    33 |    27 |     3 ||    66
       Confusing Touch   |       |       |    14 |       ||    14
       Dispel Undead     |       |       |     6 |       ||     6
Invok: Whirlwind         |     3 |    22 |    15 |     9 ||    49
       Lunge             |     2 |    14 |    34 |     4 ||    54
  Use: Potion            |     1 |       |       |       ||     1
       Scroll            |       |    17 |     5 |       ||    22
 Stab: Sleeping          |    15 |    22 |    29 |     1 ||    67
       Invisible         |    10 |       |       |       ||    10
       Confused          |       |       |    12 |       ||    12
       Distracted        |       |       |     2 |       ||     2
Armor: Robe              |    39 |    56 |    44 |    15 ||   154
       Ring mail         |       |     2 |       |       ||     2
Dodge: Dodged            |    78 |   118 |   127 |    38 ||   361
Block: Buckler           |       |       |     3 |    12 ||    15

Table legend: (Time is in decaauts)
 A = Elapsed time spent in this place.
 B = Non-inter-level travel time spent in this place.
 C = Inter-level travel time spent in this place.
 D = Time resting spent in this place.
 E = Time spent auto-exploring this place.
 F = Levels seen in this place.
 G = Mean time per level.
                   A        B        C        D        E       F      G
               +--------+--------+--------+--------+--------+-----+--------+
         Total |   7827 |   7532 |    295 |    483 |   5454 |   9 |  869.7 |
       Dungeon |   7827 |   7532 |    295 |    483 |   5454 |   9 |  869.7 |
               +--------+--------+--------+--------+--------+-----+--------+

Top non-repeatable levels by time:
     D:3: 1417 daAuts
     D:8: 989 daAuts
     D:6: 967 daAuts
     D:4: 961 daAuts
     D:5: 939 daAuts
     D:2: 892 daAuts
     D:1: 790 daAuts
     D:7: 764 daAuts
     D:9: 104 daAuts
